 Dungeon Crawl Stone Soup version 0.18.1-5-g4a78601 (webtiles) character file.

42 tyrsky the Digger (level 3, 0/19 HPs)
             Began as a Gargoyle Earth Elementalist on May 14, 2016.
             Slain by Terence
             ... wielding a +3 trident
              (9 damage)
             ... on level 2 of the Dungeon.
             The game lasted 00:04:19 (1200 turns).

tyrsky the Digger (Gargoyle Earth Elementalist)     Turns: 1200, Time: 00:04:20

Health: 0/19       AC:  6    Str: 11    XL:     3   Next: 56%
Magic:  2/7        EV: 12    Int: 16    God:
Gold:   40         SH:  0    Dex: 10    Spells: 2 memorised, 4 levels left

rFire  . . .     SeeInvis .     g - +1 club
rCold  . . .     Gourm    .     a - +0 robe
rNeg   + . .     Faith    .     (no shield)
rPois  ∞         Spirit   .     (no helmet)
rElec  +         Dismiss  .     (no cloak)
rCorr  .         Reflect  .     n - +0 pair of gloves
SustAt .         Harm     .     (no boots)
MR     .....                    i - amulet of regeneration
Stlth  ++........               (no ring)
                                (no ring)

@: not resistant to hostile enchantments, unstealthy
A: negative energy resistance 1, electricity resistance, unbreathing,
petrification resistance, rot immunity, AC +3
a: no special abilities


You were on level 2 of the Dungeon.
You were not hungry.

You visited 1 branch of the dungeon, and saw 2 of its levels.

You collected 40 gold pieces.

Inventory:

Hand Weapons
 g - a +1 club (weapon)
Missiles
 b - 78 stones (quivered)
Armour
 a - a +0 robe (worn)
 n - a +0 pair of gloves (worn)
Jewellery
 i - an amulet of regeneration (around neck)
Potions
 h - a potion of heal wounds
 j - a potion of ambrosia {unknown}
 k - a potion of flight {unknown}
 p - a potion of curing {unknown}
Books
 c - a book of Geomancy

   Spells                             Type                      Level
   a - Sandblast                      Earth                        1
   b - Passwall                       Transmutation/Earth          2
   c - Stone Arrow                    Conjuration/Earth            3
   d - Petrify                        Transmutation/Earth          4
   e - Lee's Rapid Deconstruction     Earth                        5
Comestibles
 d - a bread ration
 o - a chunk of flesh


   Skills:
 - Level 1.5 Dodging
 - Level 2.1 Stealth
 * Level 3.3 Spellcasting
 + Level 0.0 Conjurations
   Level 0.7 Transmutations
 + Level 4.0 Earth Magic


You had 4 spell levels left.
You knew the following spells:

 Your Spells              Type           Power        Failure   Level  Hunger
a - Sandblast             Erth           ###...       4%          1    None
b - Stone Arrow           Conj/Erth      #.....       28%         3    ###....


Dungeon Overview and Level Annotations

Branches:
Dungeon (2/15)

Altars:

Annotations:
D:2 Terence


Innate Abilities, Weirdness & Mutations

You are resistant to torment.
Your stone body is resilient (AC +3).
You are immune to poison.
You resist negative energy.
You are resistant to electric shocks.
You can survive without breathing.
You are immune to petrification.
You are immune to rotting.


Message History

Terence hits you from afar with an enchanted trident.
Casting: Sandblast
Confirm with . or Enter, or press ? or * to list all spells.
Aiming: Sandblast
Press: ? - help, Shift-Dir - straight line, f/p - Terence
Aim: Terence, wielding an enchanted trident and wearing a chain mail The blast of sand hits Terence.
Terence drinks a potion.
Terence goes berserk!
Casting: Sandblast
Confirm with . or Enter, or press ? or * to list all spells.
Aiming: Sandblast
Press: ? - help, Shift-Dir - straight line, f/p - Terence
Aim: Terence, wielding an enchanted trident and wearing a chain mail (berserk, fast, unusually strong)
The blast of sand hits Terence.
Terence closely misses you. Terence closely misses you.
Terence hits you with an enchanted trident!
Terence barely misses you.
You see here a giant newt corpse.
Terence hits you with an enchanted trident!
You die...

....#
#.......#
....#
#.......#
..###
#.......#
...
####.####
... #.#
#.# #.#
###.###
#...9.#
..#####@#
..#####†##
.........#
.........#
.........#
##.......#
##.......#
.........#


You could see Terence (berserk).

Vanquished Creatures
  2 oozes (D:1)
  A giant gecko (D:2)
  3 giant cockroaches
  2 goblins
  3 hobgoblins (D:1)
  3 jackals (D:1)
  4 kobolds (D:1)
  4 bats
  4 giant newts
  5 rats (D:1)
31 creatures vanquished.

Notes
Turn   | Place    | Note
--------------------------------------------------------------
     0 | D:1      | tyrsky the Gargoyle Earth Elementalist began the quest for the Orb.
     0 | D:1      | Reached XP level 1. HP: 10/10 MP: 3/3
   219 | D:1      | Reached XP level 2. HP: 15/15 MP: 1/5
   622 | D:1      | Reached skill level 4 in Earth Magic
   683 | D:1      | Reached XP level 3. HP: 16/19 MP: 0/7
  1171 | D:2      | Noticed Terence
  1177 | D:2      | Learned a level 3 spell: Stone Arrow
  1200 | D:2      | Slain by Terence

Skill      XL: |  1  2  3 |
---------------+----------+-----
Earth Magic    | 4 |  4.0
Spellcasting   | 3 |  3.3
Dodging        | |  1.5
Stealth        | |  2.1
Transmutations | |  0.7

Action                   || total
-------------------------++-------
Melee: Unarmed           ||     4
       Club              ||    23
 Cast: Sandblast         ||    72
  Use: Scroll            ||     5
  Eat: Chunk             ||     1
Armor: Robe              ||    25
Dodge: Dodged            ||    61
